 Dungeon Crawl Stone Soup version 0.17-a0-1582-ge6b0260 (webtiles) character file.

130 patman the Ducker (level 5, -3/36 HPs)
             Began as an Octopode Wanderer on July 27, 2015.
             Slain by Sigmund
             ... wielding a +0 scythe
              (14 damage)
             ... on level 2 of the Dungeon.
             The game lasted 00:05:26 (1776 turns).

patman the Ducker (Octopode Wanderer)               Turns: 1776, Time: 00:05:26

Health: -3/36      AC:  1    Str: 11    XL:     5   Next: 13%
Magic:  5/5        EV: 14    Int: 13    God:
Gold:   69         SH:  0    Dex: 14    Spells: 0 memorised, 4 levels left

rFire  . . .     SeeInvis .     a - +0 hand axe
rCold  . . .     Clarity  .     (no shield)
rNeg   . . .     SustAt   .     (helmet restricted)
rPois  .         Gourm    .     (no amulet)
rElec  .         Spirit   .     (no ring)
rCorr  .         Warding  .     (no ring)
rMut   .         Stasis   .     (no ring)
MR     .....                    (no ring)
Stlth  +++.......               (no ring)
                                (no ring)
                                (no ring)
                                (no ring)

@: not resistant to hostile enchantments, fairly stealthy
A: almost no armour, amphibious, 8 rings, constrict 8, camouflage 1, gelatinous
body 1
a: no special abilities


You were on level 2 of the Dungeon.
You were not hungry.

You visited 1 branch of the dungeon, and saw 2 of its levels.

You collected 69 gold pieces.

Inventory:

Hand weapons
 a - a +0 hand axe (weapon)
 b - a +2 blowgun
 e - a +0 dagger
Missiles
 o - 3 tomahawks (quivered)
Scrolls
 d - a scroll of fear {unknown}
 g - a scroll of teleportation
 k - 3 scrolls of remove curse
 m - a scroll of recharging
 n - a scroll of enchant armour {unknown}
 p - a scroll of random uselessness {unknown}
Potions
 h - a potion of degeneration
 j - a potion of mutation
Comestibles
 f - 2 bread rations
 i - a chunk of flesh
 l - a meat ration


   Skills:
 - Level 3.0 Fighting
 - Level 2.0 Axes
 - Level 1.0 Throwing
 * Level 4.8 Dodging
 - Level 2.6 Stealth
   Level 1.1 Evocations


You had 4 spell levels left.
You didn't know any spells.

Dungeon Overview and Level Annotations

Branches:
Dungeon (2/15)

Altars:

Annotations:
D:2 Sigmund


Innate Abilities, Weirdness & Mutations

You cannot wear most types of armour.
You are amphibious.
You can wear up to eight rings at the same time.
You can use your tentacles to constrict eight enemies at once.
Your skin changes colour to match your surroundings (Stealth).
Your rubbery body absorbs attacks (AC +1).


Message History

You are confused.
Wield which item (- for none, * to show all)? (? for menu, Esc to quit)
a - a +0 hand axe (weapon)
Sigmund says, "You will soon forget everything."
Sigmund gestures at you while chanting.
You are more confused.
Found 25 arrows and a scroll of teleportation.
You see here 7 gold pieces.
Sigmund mumbles some strange words.
Sigmund flickers and vanishes!
Deactivating autopickup; reactivate with Ctrl-A.
Something hits you!
You're too confused to move!
Something hits you!
You closely miss something. Your squeeze misses something. Something hits you!
* * * LOW HITPOINT WARNING * * *
You feel less confused.
You closely miss something. Your squeeze misses something.
You completely miss something. You squeeze something. Something hits you!
You die...

.. #. [...# #.... ... #.
... #.... ....+. #'#
#.... ....#.#########†##
#....
...........%.....###....
........................
###......###.#...#.....
#...$..# #.###.#....#
#...@..# #.# #..#####
#...{.......###.#
......(........# #.#
.........$...... ...
(.......######.. .#.#
#####?..# ... .. # #...#
.. #'### #...# ... .....
.....


There were no monsters in sight!

Vanquished Creatures
  Jessica (D:2)
  Robin (D:2)
  4 adders (D:2)
  An ooze (D:1)
  2 worms (D:2)
  2 giant geckos (D:1)
  A ball python (D:2)
  2 giant cockroaches (D:1)
  12 goblins
  6 hobgoblins
  3 kobolds (D:1)
  A quokka (D:2)
  6 bats
  A giant newt (D:1)
  5 rats
48 creatures vanquished.

Notes
Turn   | Place    | Note
--------------------------------------------------------------
     0 | D:1      | patman the Octopode Wanderer began the quest for the Orb.
     0 | D:1      | patman set off with: 3 curare-tipped needles, a +2 blowgun, a +0 hand axe, a potion of curing, a +0 dagger, a bread ration
     0 | D:1      | Reached XP level 1. HP: 16/16 MP: 1/1
   286 | D:1      | Reached XP level 2. HP: 7/21 MP: 2/2
   897 | D:1      | Reached XP level 3. HP: 22/26 MP: 3/3
  1281 | D:2      | Reached XP level 4. HP: 31/31 MP: 4/4
  1285 | D:2      | Noticed Robin
  1321 | D:2      | Killed Robin
  1321 | D:2      | Reached skill level 4 in Dodging
  1330 | D:2      | Noticed Jessica
  1457 | D:2      | Killed Jessica
  1581 | D:2      | Reached XP level 5. HP: 19/36 MP: 5/5
  1749 | D:2      | Noticed Sigmund
  1776 | D:2      | Slain by Sigmund

Vault maps used:
D:1:      dpeg_arrival_radiant
D:2:      uniq_sigmund, uniq_robin, uniq_jessica

Action                   |  1- 3 |  4- 6 || total
-------------------------+-------+-------++-------
Melee: Hand axe          |    57 |    37 ||    94
 Fire: Blowgun           |     3 |     2 ||     5
Throw: Tomahawk          |     4 |     1 ||     5
  Use: Scroll            |       |     5 ||     5
       Potion            |       |     1 ||     1
 Stab: Sleeping          |     8 |     2 ||    10
  Eat: Chunk             |     1 |     2 ||     3
